 Dungeon Sprint DCSS version 0.29.1-15-g9cfb28693d (webtiles) character file.

Game seed: 2710810003736236687

133 DiggyJ the Trooper (level 5, -3/38 HPs)
             Began as a Gargoyle Berserker on Apr 5, 2023.
             Was a Priest of Trog.
             Incinerated by a deep elf pyromancer (6 damage)
             ... with a sticky flame
             ... in the Dungeon (Sprint III: "The Ten Rune Challenge").
             The game lasted 00:02:35 (716 turns).

DiggyJ the Trooper (Gargoyle Berserker)              Turns: 716, Time: 00:02:36

Health: -3/38      AC:  6    Str: 22    XL:     5   Next: 16%
Magic:  4/4        EV: 12    Int:  8    God:    Trog [***...]
Gold:   36         SH:  0    Dex:  9    Spells: 4/4 levels left

rFire   . . .      SeeInvis .   a - +0 mace
rCold   . . .      Faith    .   (no shield)
rNeg    + . .      Spirit   .   b - +0 animal skin
rPois   ∞          Reflect  .   (no helmet)
rElec   +          Harm     .   (no cloak)
rCorr   .          Rampage  .   (no gloves)
Will    .....      NoTele   +   (no boots)
Stlth   +.........              (no amulet)
HPRegen 0.12/turn               (no ring)
MPRegen 0.09/turn               (no ring)

@: on fire, on berserk cooldown, slowed, glowing, very slow
A: sickness immunity, AC +4, negative energy resistance 1, electricity
resistance, torment resistance 1, petrification resistance, low MP 1, evolution
1
a: Renounce Religion, Berserk, Trog's Hand


You were in the Dungeon.
You worshipped Trog.
Trog was most pleased with you.
You visited 1 branch You collected 36 gold pieces.

Inventory:

Hand Weapons
 a - a +0 mace (weapon)
Armour
 b - a +0 animal skin (worn)
Scrolls
 h - a scroll of blinking
 j - a scroll of immolation {unknown}
 k - a scroll of enchant armour {unknown}
 m - a scroll of torment {unknown}
 n - a scroll of identify {unknown}
Potions
 c - a potion of curing
 d - a potion of heal wounds
 e - a potion of haste
 f - 2 potions of magic
 g - a potion of berserk rage
 l - a potion of brilliance {unknown}
 o - a potion of ambrosia {unknown}


   Skills:
 + Level 7.3 Fighting
 + Level 7.1 Maces & Flails
 + Level 3.6 Armour
 + Level 3.2 Dodging


You had 4 spell levels left.
You didn't know any spells.
Your spell library contained the following spells:

 Spells                   Type           Power      Damage    Failure   Level
 Portal Projectile        Hex/Tloc       0%         N/A       78%         3
 Tukima's Dance           Hex            0%         N/A       78%         3
 Blade Hands              Tmut           0%         N/A       100%        5


Dungeon Overview and Level Annotations

Branches:
Dungeon (1/1)

Altars:
Elyvilon
Kikubaaqudgha
Sif Muna
Vehumet
Zin
The Shining One


Innate Abilities, Weirdness & Mutations

You are immune to sickness and miasma.
Your stone body is resilient. (AC +4)
You are immune to poison.
You resist negative energy. (rN+)
You are resistant to electric shocks. (rElec)
You are resistant to unholy torment.
You are immune to petrification.
Your magical capacity is low. (-10% MP)
You have hidden genetic potential.


Message History

You add the spells Tukima's Dance, Portal Projectile and Blade Hands to your library.
Items here: ) : [ ÷.
You start resting.
HP restored.
Things that are here:
a +0 dagger; a +0 robe
There is an open door here.
You open the door.
Found three altars.
A deep elf pyromancer comes into view.
It is wielding a +2 long sword of holy wrath.
Found a potion of curing.
The deep elf pyromancer shouts!
The deep elf pyromancer casts a spell at you.
The sticky flame misses you.
There is an open door here.
A red film seems to cover your vision as you go berserk!
You feel yourself moving faster!
You feel mighty!
The deep elf pyromancer mumbles some strange words.
You feel a strong urge to attack something.
The fire elemental misses you.
The deep elf pyromancer mumbles some strange words.
The deep elf pyromancer blinks!
You feel your anger nearly subside.
You are no longer berserk.
You are exhausted.
You feel yourself slow down. The fire elemental closely misses you.
The deep elf pyromancer points at you and mumbles some strange words.
The sticky flame misses you.
You see here a potion of curing.
The fire elemental hits you. The fire elemental burns you!
The fire elemental barely misses you.
The deep elf pyromancer points at you and mumbles some strange words.
The bolt of fire hits you! The fire elemental hits you.
The fire elemental burns you!
* * * LOW HITPOINT WARNING * * *
The deep elf pyromancer points at you and mumbles some strange words.
The sticky flame hits you.
You are covered in liquid flames!
* * * LOW HITPOINT WARNING * * *
You are covered in liquid flames!
You die...

▓▓▓▓ ▓▓▓ ...####
##.##### *
......#####..#°__#
.......#..#..#!E.#
#.##...#..#..###@#+###+#
#.###..##'#..#...e......
##.##..###...'.⌠........
..##.)####...#...######+
..##..###....#.⌠.#_
.##...##.....#...#
##....#......#'###
##..##.#.....#)).#_ #..
####....#___#


You could see a deep elf pyromancer and a fire elemental (summoned).

Vanquished Creatures
  A water elemental (D)
  Jessica (D)
  A human (D)
  A kobold demonologist (D)
  A phantom (D)
  3 rats (D)
8 creatures vanquished.

Vanquished Creatures (others)
  A wizard (D)
1 creature vanquished.

Grand Total: 9 creatures vanquished

Notes
Turn   | Place    | Note
-------+----------+-------------------------------------------
     0 | D        | DiggyJ the Gargoyle Berserker began the quest for the Orb.
     0 | D        | Reached XP level 1. HP: 14/14 MP: 1/1
    29 | D        | Reached ** piety under Trog
    37 | D        | Noticed Jessica
    41 | D        | Killed Jessica
    42 | D        | Reached skill level 5 in Fighting
    42 | D        | Reached XP level 2. HP: 21/21 MP: 2/2
    42 | D        | Reached XP level 3. HP: 26/26 MP: 3/3
    61 | D        | Reached *** piety under Trog
    62 | D        | Reached skill level 5 in Maces & Flails
    76 | D        | Gained mutation: You occasionally shout uncontrollably at
                  | your foes. [potion of mutation]
    76 | D        | Gained mutation: Your body sometimes deteriorates upon
                  | taking damage. [potion of mutation]
    76 | D        | Gained mutation: You are dopey. (Int -2) [potion of
                  | mutation]
    76 | D        | Gained mutation: Your muscles are strong. (Str +4, Int/Dex
                  | -1) [potion of mutation]
    77 | D        | Lost mutation: Your body sometimes deteriorates upon taking
                  | damage. [potion of mutation]
    77 | D        | Lost mutation: Your muscles are strong. (Str +4, Int/Dex
                  | -1) [potion of mutation]
    77 | D        | Lost mutation: You are dopey. (Int -2) [potion of mutation]
    77 | D        | Gained mutation: Your magical capacity is low. (-10% MP)
                  | [potion of mutation]
    77 | D        | Gained mutation: Your mind is acute. (Int +4, Str/Dex -1)
                  | [potion of mutation]
    77 | D        | Gained mutation: You have very sharp teeth. [potion of
                  | mutation]
    78 | D        | Lost mutation: You occasionally shout uncontrollably at
                  | your foes. [potion of mutation]
    78 | D        | Lost mutation: Your mind is acute. (Int +4, Str/Dex -1)
                  | [potion of mutation]
    78 | D        | Gained mutation: You have hidden genetic potential. [potion
                  | of mutation]
    78 | D        | Gained mutation: You passively map a small area around you.
                  | [potion of mutation]
    79 | D        | Lost mutation: You have very sharp teeth. [potion of
                  | mutation]
    79 | D        | Lost mutation: You passively map a small area around you.
                  | [potion of mutation]
   390 | D        | Noticed a water elemental
   393 | D        | Killed a water elemental
   394 | D        | Reached XP level 4. HP: 32/32 MP: 3/3
   444 | D        | Found a radiant altar of Vehumet.
   444 | D        | Found a shimmering blue altar of Sif Muna.
   444 | D        | Found an ancient bone altar of Kikubaaqudgha.
   444 | D        | Noticed a wizard
   449 | D        | Noticed a smoke demon
   452 | D        | Killed a wizard
   453 | D        | Reached XP level 5. HP: 10/38 MP: 4/4
   708 | D        | Found a glowing silver altar of Zin.
   708 | D        | Found a glowing golden altar of the Shining One.
   708 | D        | Found a white marble altar of Elyvilon.
   709 | D        | Noticed a deep elf pyromancer
   711 | D        | Noticed a fire elemental
   716 | D        | Incinerated by a deep elf pyromancer

Illustrated notes

Levels and vault maps discovered:
D:        dungeon_sprint_mu [sprint_mu_entry_cave, sprint_mu_temple_rooms,
          sprint_mu_d1_spiders, sprint_mu_d2_genie, sprint_mu_d3_branching,
          sprint_mu_orc_legion, sprint_mu_elf_gauntlet, sprint_mu_hive_nellie,
          sprint_mu_lair_fedhas, sprint_mu_vaults_butterflies,
          sprint_mu_slime_circle, sprint_mu_shoals_kraken,
          sprint_mu_snake_twists, sprint_mu_blade_basic,
          sprint_mu_crypt_chambers, sprint_mu_tomb_spiral,
          sprint_mu_vestibule_basic, sprint_mu_gehenna_hellfire,
          sprint_mu_dis_giant, sprint_mu_tartarus_statrot,
          sprint_mu_cocytus_islands, sprint_mu_zot1]

Skill      XL: |  1  2  3  4 |
---------------+-------------+-----
Fighting       | 5 6 7 |  7.3
Maces & Flails | 4 6 7 |  7.1
Dodging        | 2 3 |  3.2
Armour         | 3 |  3.6

Action                   |  1- 3 |  4- 6 || total
-------------------------+-------+-------++-------
Melee: Mace              |    24 |     6 ||    30
       Punch             |     1 |       ||     1
Invok: Berserk           |     2 |     2 ||     4
  Use: Potion            |     4 |       ||     4
Armor: Animal skin       |     6 |     2 ||     8
Dodge: Dodged            |    13 |     8 ||    21
